 Dungeon Crawl Stone Soup version 0.28-a0-1227-ga9037bb4c8 (webtiles) character file.

Game seed: 10919935468917990513

286032 Garessta the Eclecticist (level 20, 0/158 (163) HPs)
             Began as a Demonspawn Conjurer on Dec 21, 2021.
             Was the Champion of Vehumet.
             Killed from afar by a living spell (66 damage)
             ... with an iceblast
             ... summoned by a walking frostbound tome
             ... on level 3 of the Depths on Dec 22, 2021.
             The game lasted 03:07:29 (63970 turns).

Garessta the Eclecticist (Demonspawn Conjurer)     Turns: 63970, Time: 03:07:29

HP:   0/158 (163)   AC: 19    Str: 21    XL:     20   Next: 18%
MP:   2/40          EV: 16    Int: 30    God:    Vehumet [******]
Gold: 1688          SH:  9    Dex: 10    Spells: 8/51 levels left

rFire   . . .      SeeInvis .   X - staff of conjuration
rCold   . . .      Faith    .   J - +0 buckler
rNeg    . . .      Spirit   .   F - +5 steam dragon scales
rPois   +          Reflect  +   (helmet restricted)
rElec   +          Harm     .   N - +4 cloak of Daffodils {Drain Fly Str+5}
rCorr   .          Rampage  .   s - +0 pair of gloves
Will    +....                   (boots unavailable)
Stlth   +++.......              Y - amulet of Ovam Ata {Reflect Regen+ SH+5}
HPRegen 1.16/turn               m - ring of the Jester {rElec rPois Str+8 Dex-2 Stlth+}
MPRegen 0.27/turn               T - ring of wizardry

@: flying, studying 2 skills, lightly drained
A: hooves 3, slimy green scales 2, spiny 3, demonic magic 2, bedeviling, beak,
clever 1, wild magic 1
}: 1/15 runes: decaying
a: Renounce Religion


You were on level 3 of the Depths.
You worshipped Vehumet.
Vehumet was exalted by your worship.
You visited 7 branches of the dungeon, and saw 34 of its levels.
You visited the Abyss 1 time.
You also visited: Trove and Ice Cave.

You collected 4246 gold pieces.
You spent 2558 gold pieces at shops.

Inventory:

Hand Weapons
 y - a +0 rapier of speed
Armour
 o - a scarf of shadows
 s - a +0 pair of gloves (worn)
 F - +5 steam dragon scales (worn)
 J - a +0 buckler (worn)
 N - the +4 cloak of Daffodils (worn) {Drain Fly Str+5}
   (You found it on level 10 of the Dungeon)

   Str:       It affects your strength (+5).
   Fly:       It grants you flight.
   Drain:     It drains your maximum health when unequipped.
Magical Staves
 X - a staff of conjuration (weapon)
Jewellery
 m - the ring of the Jester (left hand) {rElec rPois Str+8 Dex-2 Stlth+}
   (You found it in a treasure trove)

   [ring of poison resistance]

   Str:       It affects your strength (+8).
   Dex:       It affects your dexterity (-2).
   rElec:     It insulates you from electricity.
   rPois:     It protects you from poison.
   Stlth:     It makes you more stealthy.
 q - the ring of Ziczirch {rElec Str+2 Dex+6 SInv}
   (You found it in a treasure trove)

   [ring of dexterity]

   Str:       It affects your strength (+2).
   Dex:       It affects your dexterity (+6).
   rElec:     It insulates you from electricity.
   SInv:      It lets you see invisible.
 r - the ring of Zyuxtoixt {rN+ Dex+5}
   (You found it in an ice cave)

   [ring of positive energy]

   Dex:       It affects your dexterity (+5).
   rN:        It protects you from negative energy.
 v - the amulet "Xugre" {Spirit rN+ Will+ Slay+2}
   (You found it in a treasure trove)

   [amulet of guardian spirit]

   It causes incoming damage to be divided between your reserves of health and
   magic.
   Slay:      It affects your accuracy & damage with ranged weapons and melee
   (+2).
   rN:        It protects you from negative energy.
   Will:      It increases your willpower.
 M - the ring "Luwiutiph" {Contam rF+ rN+ Str+2 Dex+6}
   (You found it on level 3 of the Depths)

   [ring of dexterity]

   Str:       It affects your strength (+2).
   Dex:       It affects your dexterity (+6).
   rF:        It protects you from fire.
   rN:        It protects you from negative energy.
   Contam:    It causes magical contamination when unequipped.
 O - the amulet "Duelydil" {Reflect -Tele rF++ SH+5 SInv}
   (You took it off a deep elf zephyrmancer on level 3 of the Elven Halls)

   [amulet of reflection]

   It reflects blocked missile attacks.
   rF:        It greatly protects you from fire.
   SInv:      It lets you see invisible.
   -Tele:     It prevents most forms of teleportation.
   SH:        It affects your SH (+5).
 T - a ring of wizardry (right hand)
 W - a ring of willpower
 Y - the amulet of Ovam Ata (around neck) {Reflect Regen+ SH+5}
   (You found it in an ice cave)

   [amulet of reflection]

   It reflects blocked missile attacks.
   Regen:     It increases your rate of health regeneration.
   SH:        It affects your SH (+5).
Wands
 z - a wand of digging (9)
 P - a wand of polymorph (7)
Scrolls
 a - 14 scrolls of identify
 f - 9 scrolls of teleportation
 g - a scroll of brand weapon
 h - 4 scrolls of blinking
 p - 2 scrolls of fog
 u - 6 scrolls of enchant weapon
 A - 4 scrolls of amnesia
 E - 3 scrolls of magic mapping
 I - 3 scrolls of fear
 R - 5 scrolls of silence
 Z - 4 scrolls of enchant armour
Potions
 b - a potion of cancellation
 e - 30 potions of curing
 l - 7 potions of heal wounds
 n - 8 potions of attraction
 t - 4 potions of magic
 B - a potion of mutation
 C - 4 potions of might
 G - 7 potions of brilliance
 H - 5 potions of haste
 L - a potion of berserk rage
 Q - 2 potions of invisibility
 S - 3 potions of resistance


   Skills:
 + Level 15.4 Fighting
 - Level 4.2 Short Blades
 - Level 2.8 Staves
 - Level 12.7 Dodging
 - Level 1.7 Stealth
 - Level 4.0 Shields
 + Level 16.3 Spellcasting
 - Level 15.1 Conjurations
 - Level 2.4 Hexes
 - Level 7.2 Transmutations
 * Level 15.9 Ice Magic
 - Level 10.0 Air Magic


You had 8 spell levels left.
You knew the following spells:

 Your Spells              Type           Power      Damage    Failure   Level
a - Magic Dart            Conj           100%       1d8       1%          1
b - Searing Ray           Conj           100%       2d8       1%          2
c - Iskenderun's Mystic   Conj/Tloc      94%        2d18      1%          4
d - Lightning Bolt        Conj/Air       57%        1d79      1%          5
e - Yara's Violent Unrav  Hex/Tmut       40%        3d16      1%          5
f - Ozocubu's Refrigerat  Ice            51%        4d15      1%          7
g - Ozocubu's Armour      Ice            100%       N/A       1%          3
h - Orb of Destruction    Conj           61%        9d17      1%          7
i - Polar Vortex          Ice            51%        N/A       30%         9

Your spell library contained the following spells:

 Spells                   Type           Power      Damage    Failure   Level
 Lehudib's Crystal Spear  Conj/Erth      47%        10d11     50%         8
 Ignition                 Fire           15%        3d6       100%        8
 Shatter                  Erth           15%        3d15*     100%        9
 Freeze                   Ice            100%       1d11      1%          1
 Shock                    Conj/Air       100%       1d9       1%          1
 Slow                     Hex            100%       N/A       1%          1
 Sting                    Tmut/Pois      100%       1d8       1%          1
 Corpse Rot               Necr/Air       100%       N/A       1%          2
 Ensorcelled Hibernation  Hex/Ice        100%       N/A       1%          2
 Passwall                 Tmut/Erth      46%        N/A       1%          2
 Static Discharge         Conj/Air       100%       N/A       1%          2
 Confusing Touch          Hex            67%        N/A       1%          3
 Conjure Flame            Conj/Fire      94%        6-21      1%          3
 Dazzling Flash           Conj/Hex       100%       N/A       1%          3
 Frozen Ramparts          Ice            100%       1d12      1%          3
 Ignite Poison            Fire/Tmut/Pois 50%        N/A       1%          3
 Mephitic Cloud           Conj/Pois/Air  98%        N/A       1%          3
 Spider Form              Tmut/Pois      56%        N/A       1%          3
 Swiftness                Air            83%        N/A       1%          3
 Tukima's Dance           Hex            67%        N/A       1%          3
 Airstrike                Air            41%        N/A       1%          4
 Fulminant Prism          Conj/Hex       61%        3d27      1%          4
 Ice Form                 Ice/Tmut       89%        N/A       1%          4
 Sticky Flame             Conj/Fire      94%        2d10      1%          4
 Summon Ice Beast         Ice/Summ       76%        N/A       1%          4
 Summon Lightning Spire   Summ/Air       63%        N/A       1%          4
 Blade Hands              Tmut           36%        N/A       1%          5
 Fireball                 Conj/Fire      47%        3d19      1%          5
 Freezing Cloud           Conj/Ice/Air   59%        6-21      1%          5
 Metabolic Englaciation   Hex/Ice        50%        N/A       1%          5
 Petrify                  Tmut/Erth      56%        N/A       2%          4
 Iron Shot                Conj/Erth      47%        9d9       2%          6
 Gell's Gravitas          Tloc           31%        N/A       3%          3
 Lesser Beckoning         Tloc           31%        N/A       3%          3
 Teleport Other           Tloc           31%        N/A       3%          3
 Vampiric Draining        Necr           31%        2d8       3%          3
 Leda's Liquefaction      Hex/Erth       29%        N/A       6%          4
 Simulacrum               Ice/Necr       38%        N/A       6%          6
 Lee's Rapid Deconstruct  Erth           15%        3d11*     8%          5
 Animate Armour           Summ/Erth      62%        N/A       11%         4
 Dispel Undead            Necr           31%        3d14      11%         4
 Passage of Golubria      Tloc           31%        N/A       11%         4
 Maxwell's Capacitive Co  Air            41%        ∞         24%         8
 Statue Form              Tmut/Erth      37%        N/A       32%         6
 Death Channel            Necr           15%        N/A       75%         6
 Dispersal                Tloc           15%        N/A       75%         6
 Disjunction              Tloc           15%        N/A       100%        8
 Chain Lightning          Conj/Air       57%        3d76      69%         9


Dungeon Overview and Level Annotations

Branches:
Dungeon (15/15)            Temple (1/1) D:6            Lair (6/6) D:11
  Swamp (4/4) Lair:2        Snake (0/4) Lair:4        Slime (0/5) Lair:6
    Orc (2/2) D:9             Elf (3/3) Orc:2        Vaults (0/5) D:13
 Depths (3/4) D:15          IceCv (visited)

Altars:
Ashenzari
Cheibriados
Dithmenos
Elyvilon
Fedhas
Gozag
Hepliaklqana
Kikubaaqudgha
Makhleb
Nemelex Xobeh
Okawaru
Qazlal
Ru
Sif Muna
Trog
Uskayaw
Vehumet
Wu Jian
Xom
Yredelemnul
Zin
The Shining One
Beogh

Shops:
D:7 (   D:10 *   D:15 *   Orc:2 ?(*([*   Elf:1 !?:   Elf:3 :

Portals:
Hell: Depths:1 Depths:2 Depths:3
Abyss: Lair:2 Depths:1 Depths:2 Depths:3
Pandemonium: Depths:2

Annotations:
D:11 exclusion: cyclops
Lair:2 2 transporters, fritzmikael's ghost, journeyman DsFi
Depths:1 exclusion: downstairs


Innate Abilities, Weirdness & Mutations

You have hooves in place of feet.
You are mostly covered in slimy green scales. (AC +3)
You are completely covered in sharp spines.
Spells you cast may paralyse nearby enemies.
Your hexes are more powerful.
You have a beak for a mouth.
Your mind is acute. (Int +2)
Your spells are a little harder to cast, but a little more powerful.


Message History

The floor.
Casting: Yara's Violent Unravelling (mildly dangerous; 1% risk of failure)
Confirm with . or Enter, or press ? or * to list all spells.
Aiming: Yara's Violent Unravelling (mildly dangerous; 1% risk of failure)
Press: ? - help, Dir - move target, f - living spell
Aim: a living spell (summoned)
You feel a surge of power!
The magic binding the living spell to this plane unravels!
The enchantments explode!
The unravelling engulfs the walking frostbound tome!
The walking frostbound tome is lightly damaged.
The unravelling engulfs the living spell!
You destroy the living spell!
The unravelling engulfs the living spell!!
You destroy the living spell!
Malevolent energies surge around you. The living spell casts itself at you.
The mass of ice explodes!
The iceblast engulfs you!
* * * LOW HITPOINT WARNING * * *
You feel much better.
The walking frostbound tome erupts in a flurry of living spells!
Casting: Yara's Violent Unravelling (mildly dangerous; 1% risk of failure)
Confirm with . or Enter, or press ? or * to list all spells.
Aiming: Yara's Violent Unravelling (mildly dangerous; 1% risk of failure)
Press: ? - help, Dir - move target, f - living spell
Aim: a living spell (summoned)
You feel a surge of power!
The magic binding the living spell to this plane unravels!
The enchantments explode!
The unravelling engulfs the living spell!
You destroy the living spell!
The unravelling engulfs the walking frostbound tome!!
The walking frostbound tome is moderately damaged.
The unravelling engulfs the living spell!!
You destroy the living spell!
Malevolent energies surge around you.
The walking frostbound tome erupts in a flurry of living spells!
The living spell casts itself at you.
The mass of ice explodes!
The iceblast engulfs you!!!
You die...

#.# #.# #......#
#.####.###......#
#........[......[
#...[..###......#
#######*#####......#
#..........##......#
#......;...##...C.##
#.......*..+#...#'#.
#..@.......##.###[..
#..<.......####/....
#..........# ###...
#..........########.
#.................##
#...................
###########.........
###########
#.........
#.........#
#......[..


You could see a walking frostbound tome and 2 living spells.

Vanquished Creatures
  Mara (Depths:3)
  Sojobo (Depths:2)
  A golden dragon (Depths:2)
  2 deep elf blademasters
  A lich (Depths:3)
  A titan (Depths:3)
  2 deep elf master archers (Elf:3)
  Frances (Swamp:2)
  A sphinx (Depths:1)
  Roxanne (Swamp:4)
  4 thorn hunters
  2 tengu reavers (Depths:2)
  3 fire giants
  2 orc warlords
  4 deep elf sorcerers (Elf:3)
  3 frost giants
  7 deep elf elementalists (Elf:3)
  16 very ugly things
  8 stone giants
  A spriggan defender (Depths:3)
  4 vampire knights
  5 eleionomae
  5 deep elf demonologists
  7 deep elf annihilators (Elf:3)
  5 bunyips
  7 dire elephants
  4 spark wasps (Depths:3)
  8 deep elf death magi
  4 fire dragons
  Snorg (D:14)
  4 ettins
  3 shambling mangroves
  A great orb of eyes (Depths:3)
  6 deep elf high priests
  A hell beast (Depths:2)
  26 hydras
  4 rakshasas
  3 vault guards (D:13)
  2 catoblepae
  5 ice dragons
  5 boulder beetles
  Erolcha (Orc:2)
  2 spriggan air magi
  An ogre mage (Depths:2)
  2 centaur warriors
  9 alligators
  2 death knights
  22 dancing weapons
  9 tengu warriors
  9 two-headed ogres
  A deep troll earth mage (Depths:1)
  8 death yaks
  8 orc high priests
  A titan zombie (Depths:2)
  3 spriggan berserkers
  10 hell knights
  Sonja (Lair:3)
  A thrashing horror (Abyss:2)
  3 skeletal warriors (D:15)
  9 spriggans
  17 deep elf knights
  An iron troll (Depths:2)
  A sixfirhy (Depths:2)
  A storm dragon skeleton (Depths:2)
  8 goliath frogs
  14 deep elf archers
  6 glowing orange brains
  3 spriggan druids
  8 swamp dragons
  7 bog bodies
  4 deep trolls (Depths:1)
  A flayed ghost (Depths:3)
  3 necromancers
  8 orc knights
  2 wizards
  2 lindwurms (Lair:6)
  Pikel (D:6)
  2 phantasmal warriors (Depths:3)
  38 deep elf zephyrmancers
  28 deep elf pyromancers
  6 orc sorcerers
  5 cyclopes
  6 will-o-the-wisps
  A worldbinder (Abyss:2)
  A wolf spider (D:15)
  38 ugly things
  3 manticores
  5 slime creatures
  A shadow dragon skeleton (Depths:2)
  16 elephants
  A salamander (D:15)
  A black mamba (shapeshifter) (D:13)
  10 black mambas
  2 ice statues (IceCv)
  A gargoyle (D:13)
  A smoke demon (Depths:2)
  13 cane toads
  7 rime drakes
  An unseen horror (D:12)
  The ghost of ChaosChampion the Insei, a novice OpTm (D:5)
  5 komodo dragons
  A tengu conjurer (D:15)
  An ancient zyme (Abyss:2)
  A polar bear (Lair:4)
  7 hornets
  10 trolls
  13 tyrant leeches
  16 blink frogs
  15 dream sheep
  4 water elementals
  An air elemental (Elf:2)
  2 shadows
  3 wraiths
  A spriggan skeleton (Depths:2)
  A yak (shapeshifter) (D:13)
  A ynoxinul (Depths:2)
  38 yaks
  10 wyverns
  7 humans (D:13)
  3 basilisks
  A neqoxec (Depths:2)
  A steam dragon (D:8)
  A chaos spawn (Abyss:2)
  26 vampire mosquitoes
  2 nagas (Lair:4)
  19 swamp worms
  6 wargs
  3 acid dragons
  12 water moccasins
  48 orc warriors
  3 black bears
  13 swamp drakes
  A swamp drake (shapeshifter) (Depths:2)
  A sky beast (D:8)
  An ice beast (D:6)
  2 necrophages (D:6)
  An ettin simulacrum (Depths:2)
  9 ogres
  34 wolves
  5 centaurs
  2 phantoms
  16 bullfrogs
  A wyvern zombie (D:6)
  An earth elemental (Elf:1)
  A gnoll sergeant (D:7)
  A scorpion (D:6)
  3 water moccasin skeletons
  6 lindwurm simulacra (IceCv)
  3 killer bees (D:7)
  3 electric eels
  3 howler monkeys
  2 centaur zombies
  3 jellies
  6 komodo dragon simulacra (IceCv)
  2 gnoll shamans
  37 orc priests
  A centaur skeleton (D:5)
  8 hounds
  25 orc wizards
  4 iguanas
  A howler monkey zombie (D:9)
  7 acid dragon simulacra (IceCv)
  6 adders
  17 gnolls
  A shadow imp (D:7)
  14 white imps
  2 steam dragon simulacra (IceCv)
  An adder skeleton (D:4)
  2 worms
  A dart slug (D:2)
  104 orcs
  6 ball pythons
  6 endoplasms
  5 giant cockroaches
  12 goblins
  4 hobgoblins (D:1)
  7 quokkas
  A bat (D:1)
  3 frilled lizards
  8 kobolds
  6 rats
  A lurking horror (Abyss:2)
1221 creatures vanquished.

Vanquished Creatures (others)
  A human (D:13)
  14 foxfires
  65 fungi
  110 plants
190 creatures vanquished.

Grand Total: 1411 creatures vanquished

Notes
Turn   | Place    | Note
-------+----------+-------------------------------------------
     0 | D:1      | Garessta the Demonspawn Conjurer began the quest for the
                  | Orb.
     0 | D:1      | Reached XP level 1. HP: 13/13 MP: 3/3
   232 | D:1      | Gained mutation: You are partially covered in sharp spines.
                  | [demonic ancestry]
   232 | D:1      | Reached XP level 2. HP: 12/19 MP: 0/5
   235 | D:1      | Learned a level 2 spell: Searing Ray
   863 | D:1      | Found a faded altar of an unknown god.
   958 | D:1      | Got Plato's Catalogue of the Birds
  1087 | D:1      | Gained mutation: You are mostly covered in sharp spines.
                  | [demonic ancestry]
  1087 | D:1      | Reached XP level 3. HP: 13/24 MP: 1/6
  1666 | D:2      | Reached skill level 5 in Conjurations
  1743 | D:2      | Reached XP level 4. HP: 26/30 MP: 0/8
  1874 | D:2      | Reached skill level 3 in Spellcasting
  2852 | D:3      | Noticed an ogre
  2872 | D:2      | Learned a level 4 spell: Iskenderun's Mystic Blast
  3098 | D:3      | Gained mutation: You are partially covered in slimy green
                  | scales. (AC +2) [demonic ancestry]
  3098 | D:3      | Reached XP level 5. HP: 35/35 MP: 4/9
  3809 | D:3      | Killed an ogre
  4135 | D:4      | Gained mutation: You have large cloven feet. [demonic
                  | ancestry]
  4135 | D:4      | Reached XP level 6. HP: 38/41 MP: 7/11
  4458 | D:4      | Reached skill level 4 in Spellcasting
  4618 | D:4      | Found an iron altar of Okawaru.
  4920 | D:5      | Entered Level 5 of the Dungeon
  4921 | D:5      | Identified the +0 ring mail "Wecem" {rElec Stlth+}
  5021 | D:5      | Found a large runed translucent door.
  5021 | D:5      | Found a large runed translucent door.
  5027 | D:5      | Noticed ChaosChampion's ghost (novice OpTm)
  5049 | D:5      | Gained mutation: You have hoof-like feet. [demonic
                  | ancestry]
  5049 | D:5      | Reached XP level 7. HP: 42/46 MP: 5/13
  5725 | D:5      | Reached skill level 5 in Spellcasting
  6043 | D:6      | Gained mutation: You are mostly covered in slimy green
                  | scales. (AC +3) [demonic ancestry]
  6043 | D:6      | Reached XP level 8. HP: 52/52 MP: 8/15
  6202 | D:6      | Noticed Pikel
  6383 | D:6      | Killed Pikel
  6485 | D:6      | Reached skill level 6 in Spellcasting
  6786 | D:6      | Reached skill level 10 in Conjurations
  6899 | D:6      | Reached XP level 9. HP: 57/57 MP: 13/18
  7209 | D:6      | Found a staircase to the Ecumenical Temple.
  7213 | Temple   | Entered the Ecumenical Temple
  7326 | Temple   | Became a worshipper of Vehumet
  7822 | D:7      | Found Cyocrokho's Antique Weapon Shop.
  8164 | D:7      | Reached skill level 7 in Spellcasting
  8170 | D:7      | Reached skill level 1 in Fighting
  8209 | D:7      | Noticed a troll
  8278 | D:7      | Found a shimmering altar of Xom.
  8367 | D:7      | Noticed a boulder beetle
  8437 | D:7      | Killed a troll
  8747 | D:8      | Noticed a queen bee
  8886 | D:5      | Killed ChaosChampion's ghost
  9290 | D:8      | Noticed a glowing orange brain
  9334 | D:8      | Noticed a cyclops
  9334 | D:8      | a glowing orange brain changed into a cyclops
  9583 | D:8      | Reached XP level 10. HP: 70/70 MP: 13/21
 10400 | D:8      | Found a stormy altar of Qazlal.
 10438 | D:8      | Noticed a two-headed ogre
 10446 | D:8      | Killed a two-headed ogre
 10447 | D:8      | Reached skill level 8 in Spellcasting
 10867 | D:9      | Found a hide-covered altar of Uskayaw.
 10995 | D:9      | Noticed a two-headed ogre
 11010 | D:9      | Killed a two-headed ogre
 11216 | D:9      | Reached * piety under Vehumet
 11216 | D:9      | Offered knowledge of Freeze by Vehumet.
 11257 | D:9      | Found a staircase to the Orcish Mines.
 11769 | D:9      | Gained mutation: You have a somewhat thin skeletal
                  | structure. (Dex +2, Stealth+) [potion of mutation]
 11835 | D:10     | Entered Level 10 of the Dungeon
 12085 | D:10     | Reached skill level 5 in Fighting
 12085 | D:10     | Reached skill level 5 in Dodging
 12085 | D:10     | Reached skill level 1 in Shields
 12589 | D:10     | Noticed an ogre mage
 12589 | D:10     | Noticed a manticore
 12596 | D:10     | Noticed a cyclops
 12597 | D:10     | Noticed a centaur warrior
 12597 | D:10     | Noticed a seven-headed hydra
 12598 | D:10     | Noticed an orb spider
 12718 | D:10     | Noticed a centaur warrior
 12718 | D:10     | Noticed a centaur warrior
 12912 | D:10     | Found Dosez's Assorted Antiques.
 12915 | D:10     | Bought a scroll of identify for 40 gold pieces
 12915 | D:10     | Bought a potion of heal wounds for 100 gold pieces
 12915 | D:10     | Bought a potion of heal wounds for 100 gold pieces
 12952 | D:10     | Identified the +4 cloak of Daffodils {Drain Fly Str+5}
 13082 | D:10     | Noticed a lindwurm
 13393 | D:10     | Found a portal to a secret trove of treasure.
 13495 | D:11     | Noticed a cyclops
 13495 | D:11     | You fall into a shaft and drop 3 floors!
 13519 | D:13     | Noticed a gargoyle
 13533 | D:14     | Noticed Snorg
 13572 | D:14     | Found a transporter.
 13573 | D:14     | Found a transporter.
 13594 | D:14     | Found a transporter.
 13595 | D:14     | Noticed a red ugly thing
 13608 | D:14     | Noticed a deep elf pyromancer
 13746 | D:12     | Noticed a white ugly thing
 13853 | D:11     | Gained mutation: Spells you cast may paralyse adjacent
                  | enemies. [demonic ancestry]
 13853 | D:11     | Reached XP level 11. HP: 71/80 MP: 13/23
 13853 | D:11     | Noticed a two-headed ogre
 13881 | D:11     | Killed a two-headed ogre
 14206 | D:11     | Learned a level 5 spell: Lightning Bolt
 14237 | D:11     | Found a staircase to the Lair.
 14332 | D:11     | Reached skill level 1 in Air Magic
 14954 | D:12     | Noticed a two-headed ogre
 14961 | D:12     | Killed a two-headed ogre
 14962 | D:12     | Reached skill level 9 in Spellcasting
 15325 | D:12     | Killed a white ugly thing
 15895 | D:13     | Noticed an orc knight
 15915 | D:13     | Offered knowledge of Static Discharge by Vehumet.
 15916 | D:13     | Reached ** piety under Vehumet
 15921 | D:13     | Killed an orc knight
 16709 | D:13     | Noticed a vault guard
 16709 | D:13     | Noticed a vault guard
 16733 | D:13     | Reached XP level 12. HP: 71/89 MP: 18/25
 16739 | D:13     | Killed a vault guard
 16809 | D:13     | Killed a vault guard
 16979 | D:13     | Noticed a boulder beetle
 16987 | D:13     | Killed a boulder beetle
 17300 | D:13     | Reached skill level 5 in Air Magic
 17481 | D:13     | Noticed a vault guard
 17487 | D:13     | Killed a vault guard
 17652 | D:13     | Found a gate to the Vaults.
 18193 | D:14     | Noticed a centaur warrior
 18199 | D:14     | Killed a centaur warrior
 18498 | D:14     | Noticed a boulder beetle
 18510 | D:14     | Killed a boulder beetle
 18668 | D:14     | Found a transporter.
 18676 | D:14     | Found a transporter.
 18711 | D:14     | Noticed a death knight
 18715 | D:14     | Killed a death knight
 18846 | D:14     | Noticed a tengu warrior
 18852 | D:14     | Killed a tengu warrior
 18853 | D:14     | Reached skill level 10 in Spellcasting
 19001 | D:14     | Offered knowledge of Inner Flame by Vehumet.
 19146 | D:14     | Found a transporter.
 19246 | D:14     | Noticed a tengu warrior
 19247 | D:14     | Noticed a tengu warrior
 19253 | D:14     | Killed a tengu warrior
 19255 | D:14     | Killed a tengu warrior
 19684 | D:14     | Gained mutation: You have hooves in place of feet. [demonic
                  | ancestry]
 19684 | D:14     | Reached XP level 13. HP: 90/98 MP: 21/27
 19922 | D:14     | Killed Snorg
 20240 | D:15     | Entered Level 15 of the Dungeon
 20364 | D:15     | Reached *** piety under Vehumet
 21791 | D:15     | Noticed a dire elephant
 22376 | D:15     | Found Qoeragiq's Assorted Antiques.
 22388 | D:15     | Bought a scroll labelled BYHARU FOFI for 43 gold pieces
 22388 | D:15     | Bought a scroll of identify for 86 gold pieces
 23403 | D:15     | Found a staircase to the Depths.
 23569 | Lair:1   | Entered Level 1 of the Lair of Beasts
 23758 | Lair:1   | Offered knowledge of Hailstorm by Vehumet.
 24969 | Lair:1   | Learned a level 5 spell: Yara's Violent Unravelling
 25272 | Lair:2   | Reached **** piety under Vehumet
 25280 | Lair:2   | Offered knowledge of Freezing Cloud by Vehumet.
 25420 | Lair:2   | Reached skill level 11 in Spellcasting
 25420 | Lair:2   | Reached XP level 14. HP: 104/108 MP: 17/29
 25554 | Lair:2   | Found a transporter.
 25554 | Lair:2   | Noticed fritzmikael's ghost (journeyman DsFi)
 25558 | Lair:2   | Found a transporter.
 25689 | Lair:2   | Reached skill level 1 in Hexes
 25707 | Lair:2   | Reached skill level 1 in Transmutations
 25903 | Lair:2   | Found a staircase to the Swamp.
 26360 | Lair:2   | Found a one-way gate to the infinite horrors of the Abyss.
 26877 | Lair:3   | Noticed Sonja
 26885 | Lair:3   | Killed Sonja
 27553 | Lair:3   | Reached ***** piety under Vehumet
 27928 | Lair:4   | Reached skill level 10 in Air Magic
 28005 | Lair:4   | Offered knowledge of Ozocubu's Refrigeration by Vehumet.
 28030 | Lair:3   | Learned a level 7 spell: Ozocubu's Refrigeration
 28064 | Lair:4   | You fall into a shaft and drop 2 floors!
 28064 | Lair:6   | Entered Level 6 of the Lair of Beasts
 28084 | Lair:6   | Reached skill level 1 in Ice Magic
 28521 | Lair:6   | Reached skill level 10 in Fighting
 29004 | Lair:4   | Found a staircase to the Snake Pit.
 30483 | Lair:5   | Offered knowledge of Irradiate by Vehumet.
 30940 | Lair:5   | Gained mutation: Spells you cast may paralyse nearby
                  | enemies. [demonic ancestry]
 30940 | Lair:5   | Reached XP level 15. HP: 89/115 MP: 4/30
 31881 | Lair:6   | Reached skill level 5 in Ice Magic
 32176 | Lair:6   | Found a staircase to the Slime Pits.
 32414 | Lair:6   | Identified the +5 spear of Interdependent Arising {freeze,
                  | Will- Dex+9}
 33237 | Lair:6   | Reached skill level 12 in Spellcasting
 33242 | Lair:6   | Reached skill level 10 in Dodging
 33564 | Lair:6   | Upgraded the game from 0.28-a0-1212-gc6b4282bc0 to
                  | 0.28-a0-1227-ga9037bb4c8
 33827 | Depths:1 | Entered Level 1 of the Depths
 33827 | Depths:1 | Noticed a frost giant
 33831 | Depths:1 | Killed a frost giant
 33832 | Depths:1 | Reached skill level 5 in Transmutations
 34312 | Depths:1 | Cast into level 2 of the Abyss (a deep elf demonologist)
 34312 | Abyss:2  | Found a corrupted altar of Lugonu.
 34389 | Abyss:2  | Noticed an ancient lich
 34595 | Depths:1 | Escaped the Abyss
 35725 | Depths:1 | Identified the +8 spear of the Unspeakable One {antimagic,
                  | Fly Will+ Str-5 Dex+4}
 35741 | Depths:1 | Found a gateway to Hell.
 35741 | Depths:1 | Noticed a sphinx
 35756 | Depths:1 | Killed a sphinx
 36645 | Depths:1 | Reached XP level 16. HP: 125/125 MP: 12/32
 36847 | Depths:1 | Learned a level 3 spell: Ozocubu's Armour
 37271 | Depths:1 | Lost mutation: You have a somewhat thin skeletal structure.
                  | (Dex +2, Stealth+) [potion of mutation]
 37271 | Depths:1 | Gained mutation: You are agile. (Dex +2) [potion of
                  | mutation]
 37271 | Depths:1 | Lost mutation: You are agile. (Dex +2) [potion of mutation]
 37271 | Depths:1 | Gained mutation: You are clumsy. (Dex -2) [potion of
                  | mutation]
 37272 | Depths:1 | Lost mutation: You are clumsy. (Dex -2) [potion of
                  | mutation]
 37272 | Depths:1 | Gained mutation: Your spells are a little harder to cast,
                  | but a little more powerful. [potion of mutation]
 37272 | Depths:1 | Gained mutation: Your mind is acute. (Int +2) [potion of
                  | mutation]
 37272 | Depths:1 | Gained mutation: You have a beak for a mouth. [potion of
                  | mutation]
 37557 | Depths:1 | Found a blossoming altar of Fedhas.
 37795 | Depths:2 | Noticed a golden dragon
 37803 | Depths:1 | Offered knowledge of Eringya's Noxious Bog by Vehumet.
 39353 | Depths:2 | Noticed Sojobo
 39896 | Depths:2 | Noticed a tengu reaver
 40444 | Orc:1    | Entered Level 1 of the Orcish Mines
 40756 | Orc:1    | Offered knowledge of Spellforged Servitor by Vehumet.
 41507 | Orc:2    | Entered Level 2 of the Orcish Mines
 41683 | Orc:2    | Found a frozen archway.
 41777 | IceCv    | Entered an ice cave
 42340 | IceCv    | Reached skill level 13 in Spellcasting
 42446 | IceCv    | Identified the amulet of Ovam Ata {Reflect Regen+ SH+5}
 42949 | IceCv    | Identified the ring of Zyuxtoixt {rN+ Dex+5}
 43315 | Orc:2    | Found a staircase to the Elven Halls.
 43360 | Orc:2    | Found Leffiak's General Store.
 43409 | Orc:2    | Offered knowledge of Orb of Destruction by Vehumet.
 43822 | Orc:1    | Learned a level 7 spell: Orb of Destruction
 44333 | Orc:2    | Noticed Erolcha
 44335 | Orc:2    | Killed Erolcha
 44413 | Orc:2    | Reached skill level 10 in Ice Magic
 44738 | Orc:2    | Found Silybrij's Antique Weapon Shoppe.
 44741 | Orc:2    | Found Ceofrigo's Magic Scroll Boutique.
 44754 | Orc:2    | Bought a scroll of brand weapon for 280 gold pieces
 45080 | Orc:2    | Found Leogg's Assorted Antiques.
 45083 | Orc:2    | Found Oryiconn's Antique Armour Shoppe.
 45084 | Orc:2    | Found Nylec's Magic Scroll Emporium.
 45085 | Orc:2    | Found Afin's Antique Weapon Emporium.
 45092 | Orc:2    | Bought a potion of curing for 87 gold pieces
 45185 | Orc:1    | Offered knowledge of Starburst by Vehumet.
 45383 | Elf:1    | Entered Level 1 of the Elven Halls
 45389 | Elf:1    | Reached skill level 1 in Staves
 45391 | Elf:1    | Reached XP level 17. HP: 133/133 MP: 19/34
 45837 | Elf:1    | Found a radiant altar of Vehumet.
 46125 | Elf:1    | Found Numucsul's Distillery.
 46129 | Elf:1    | Found Dugotete's Magic Scroll Emporium.
 46130 | Elf:1    | Found Goceb's Book Shoppe.
 46144 | Elf:1    | Bought a potion of brilliance for 68 gold pieces
 46144 | Elf:1    | Bought a potion of curing for 51 gold pieces
 46144 | Elf:1    | Bought a potion of mutation for 136 gold pieces
 46144 | Elf:1    | Bought a potion of heal wounds for 85 gold pieces
 46144 | Elf:1    | Bought a potion of curing for 51 gold pieces
 46144 | Elf:1    | Bought a potion of curing for 51 gold pieces
 46148 | Elf:1    | Bought Sif Muna's Collected Works on the Lethal Snowflakes
                  | for 644 gold pieces
 47902 | Elf:2    | Offered knowledge of Conjure Ball Lightning by Vehumet.
 48463 | Elf:2    | Paralysed by an air elemental for 1 turns
 49116 | Elf:2    | Found a runed translucent gate.
 49116 | Elf:2    | Found a runed translucent gate.
 49117 | Elf:2    | Found a runed translucent gate.
 49196 | Elf:2    | Reached skill level 15 in Conjurations
 49401 | Elf:2    | Reached skill level 1 in Short Blades
 49898 | Elf:2    | Noticed a deep elf blademaster
 49903 | Elf:2    | Killed a deep elf blademaster
 50490 | Elf:3    | Entered Level 3 of the Elven Halls
 50531 | Elf:3    | Found Vamuasm's Book Shoppe.
 50534 | Elf:3    | Bought a book of Ice for 736 gold pieces
 50565 | Elf:3    | Learned a level 9 spell: Polar Vortex
 50613 | Elf:3    | Reached skill level 14 in Spellcasting
 50907 | Elf:3    | Reached XP level 18. HP: 143/143 MP: 31/36
 52083 | Elf:3    | Identified the +9 mace "Newtslayer" {elec, Fragile rCorr
                  | Int+4 Stlth+}
 52273 | Elf:3    | Identified the amulet "Duelydil" {Reflect -Tele rF++ SH+5
                  | SInv}
 52433 | Elf:3    | Identified the +2 great sword of Cruel Justice {vorpal,
                  | Fragile rPois rN+ Stlth+}
 52995 | Elf:3    | Got the Volume of Frigorific Poison
 53006 | Elf:3    | Identified the +9 chain mail of Death Resistance {Slay+2}
 53050 | Elf:3    | Identified the +3 spear of the Beginning {vorpal, *Noise
                  | rElec rPois Will+}
 53055 | Elf:3    | Identified the +5 hunting sling "Gram" {speed, +Blink rN+
                  | rCorr Int+2}
 53608 | Swamp:1  | Entered Level 1 of the Swamp
 54038 | Swamp:1  | Reached ****** piety under Vehumet
 54955 | Swamp:2  | Offered knowledge of Lehudib's Crystal Spear by Vehumet.
 54955 | Swamp:2  | Offered knowledge of Shatter by Vehumet.
 54955 | Swamp:2  | Offered knowledge of Ignition by Vehumet.
 54961 | Swamp:2  | Reached skill level 15 in Spellcasting
 55713 | Swamp:2  | Noticed Frances
 55717 | Swamp:2  | Killed Frances
 56541 | Swamp:3  | Gained mutation: Your hexes are more powerful. [demonic
                  | ancestry]
 56541 | Swamp:3  | Reached XP level 19. HP: 151/151 MP: 28/38
 57354 | Swamp:4  | Entered Level 4 of the Swamp
 57354 | Swamp:4  | Identified Roxanne's Catalogue of Transmutation
 57354 | Swamp:4  | Noticed Roxanne
 58882 | Swamp:4  | Killed Roxanne
 59497 | Swamp:4  | Got a decaying rune of Zot
 59895 | Depths:2 | Killed Sojobo
 60158 | Depths:2 | Found a one-way gate leading to the halls of Pandemonium.
 60541 | Depths:2 | Killed a golden dragon
 61600 | Depths:3 | Reached skill level 15 in Ice Magic
 61715 | Depths:3 | Found an opulent altar of Gozag.
 61832 | Depths:3 | Reached skill level 15 in Fighting
 61832 | Depths:3 | Reached skill level 16 in Spellcasting
 62170 | Depths:3 | Noticed Mara
 62174 | Depths:3 | Killed Mara
 62661 | Depths:3 | Gained mutation: You are completely covered in sharp
                  | spines. [demonic ancestry]
 62661 | Depths:3 | Reached XP level 20. HP: 98/162 MP: 16/40
 62815 | Depths:3 | Identified the ring "Luwiutiph" {Contam rF+ rN+ Str+2
                  | Dex+6}
 63076 | D:10     | You paid a toll of a +6 demon whip to enter a treasure
                  | trove
 63077 | Trove    | Entered a treasure trove
 63086 | Trove    | Identified the ring of Neurosis {Fly rCorr Dex+6}
 63088 | Trove    | Identified the amulet of Ajeokus {Acrobat -Cast rN+ Regen+
                  | rCorr}
 63090 | Trove    | Identified the ring of the Jester {rElec rPois Str+8 Dex-2
                  | Stlth+}
 63093 | Trove    | Identified the ring of Ziczirch {rElec Str+2 Dex+6 SInv}
 63096 | Trove    | Identified the amulet "Xugre" {Spirit rN+ Will+ Slay+2}
 63099 | Trove    | Identified the ring of Dorabbi {Ice Dex+8}
 63103 | Trove    | Identified the ring "Vinim" {Str+6 Stlth+}
 63970 | Depths:3 | Killed from afar by a living spell

Illustrated notes

Levels and vault maps discovered:
D:1:      dpeg_arrival_prison, layout_basic, shapermc_ecumenical_altar_rom_forum
D:2:      minmay_evil_eye, layout_loops_cross
D:3:      layout_loops_cross, amcnicky_mini_rare_corridor_liquid,
          chequers_serial_rivers_micro_d
D:4:      layout_rooms, mainiacjoe_overflow_concentric_impassable
D:5:      layout_cave_pools, ebering_ghost_disaster_area
D:6:      cheibrodos_barr_body, layout_gridville, temple_statues, uniq_pikel
D:7:      layout_basic, overflow_temple_1_default, serial_shops,
          nicolae_shop_hallway_plus, minmay_quadrilaterals
D:8:      layout_gridville, mainiacjoe_overflow_chevrons
D:9:      layout_gridville, mainiacjoe_overflow_paths,
          minmay_orc_entry_temple_small, bh_walls_and_bars
D:10:     layout_loops_ring, serial_shops, kennysheep_mini_moat,
          nicolae_trove_entry_columns, minivault_12
D:11:     layout_rooms, lair_entry_dummy, kennysheep_pointless_box
D:12:     layout_roguey
D:13:     layout_roguey [special_room_orc], ximxim_vaults_locker_room,
          corner_web_ring, kennysheep_potato
D:14:     layout_irregular_city, hellmonk_bongcloud_opening,
          serial_nicolae_subway, nicolae_sub_station_crystal,
          nicolae_sub_station_metal, nicolae_sub_station_stone, uniq_snorg
D:15:     hangedman_depths_entry_try_elsewhere_first, layout_irregular_city,
          grunt_decor_junction, serial_shops, nicolae_shop_waterfront
Temple:   hc_temple_tempest_star
Lair:1:   layout_cave_pods, beast_lair_carwin_9, grunt_megastairs_1,
          serial_bayou_shore_a
Lair:2:   layout_regular_city, palyth_hydra_swamp_entry,
          gammafunk_ghost_abyssal_escape, grunt_megastairs_3
Lair:3:   layout_chaotic_city, grunt_forest_large_clearings, uniq_sonja
Lair:4:   layout_gridlike, minmay_snake_entry_guardpost_small
Lair:5:   layout_roguey, nicolae_quartered_pool_super,
          hangedman_lair_generics_rect
Lair:6:   hangedman_lair_in_review, layout_hall_layers,
          nicolae_slime_entry_slimehenge, nicolae_lair_grazing_beasts
          [nicolae_sub_lair_graze_edge, nicolae_sub_lair_graze_edge,
          nicolae_sub_lair_graze_edge, nicolae_sub_lair_graze_edge],
          infiniplex_staircase_pool
Swamp:1:  layout_basic_swamp, evilmike_swamp_ruin_rubble_1, swamp_pool2
Swamp:2:  layout_basic_swamp, evilmike_swamp_ruin_house_2, swamp_pool1,
          nicolae_swamp_bloodsuckers_inc, uniq_frances
Swamp:3:  layout_basic_swamp, evilmike_swamp_ruin_house_1, swamp_pool5,
          nicolae_swamp_soggy_hallways
Swamp:4:  swamp_basic_johnstein, layout_basic_swamp, uniq_roxanne
Orc:1:    layout_diamond_mine, serial_shops
Orc:2:    st_orc_pillars, layout_diamond_mine, serial_shops, nicolae_shop_trees,
          portal_ice_cave_entry_imps, guppyfry_orc_lava_fort, uniq_erolcha
Elf:1:    eino_elf_arrival_shootout, layout_onion_city, basic_altar,
          kennysheep_underground_church, st_stairs_7, minmay_shop_star
Elf:2:    elven_hall_of_blades_hangedman_original
          [nicolae_blade_entry_area_security], layout_rooms
Elf:3:    minmay_elf_hall_four_x, layout_geoelf_grid, serial_shops,
          nicolae_shop_behind_doors
Depths:1: layout_basic, minmay_misc_feat_nine_boxes,
          nicolae_abyss_entry_one_way_or_another, grunt_metal_band,
          grunt_ministairs_8, fedhas_altar_3, grunt_megastairs_4,
          serial_bayou_shore_b
Depths:2: kennysheep_ogre_elephant_herders, layout_gridville,
          abyss_entry_glasseish, roderic_serpentine_path,
          rand_demon_pan_entry_9, grunt_hell_entry_dis_grunt, uniq_sojobo
Depths:3: nicolae_hexawheel, layout_gridlike, grunt_gozag_breadcrumbs,
          abyss_entry, hell_entry, uniq_mara

Skill      XL: |  1  2  3  4  5  6  7  8  9 10 11 12 13 14 15 16 17 18 19 |
---------------+----------------------------------------------------------+-----
Conjurations   | 5 6 7 8 10 11 12 13 14 15 | 15.1
Spellcasting   | 3 4 5 6 7 8 9 10 11 12 13 14 15 16 | 16.3
Dodging        | 3 5 6 7 8 9 10 11 12 | 12.7
Fighting       | 3 5 6 8 9 10 11 12 13 15 | 15.4
Shields        | 2 4 |  4.0
Air Magic      | 4 7 9 10 | 10.0
Hexes          | 2 |  2.4
Transmutations | 4 5 7 |  7.2
Ice Magic      | 4 7 10 11 13 15 | 15.9
Staves         | 1 2 |  2.8
Short Blades   | 2 4 |  4.2
Stealth        | |  1.7

Action                   |  1- 3 |  4- 6 |  7- 9 | 10-12 | 13-15 | 16-18 | 19-21 || total
-------------------------+-------+-------+-------+-------+-------+-------+-------++-------
Melee: Unarmed           |     4 |       |       |       |       |       |       ||     4
       Dagger            |    11 |       |       |       |       |       |       ||    11
       Flail             |       |     7 |     1 |    19 |    68 |   111 |       ||   206
       Kick              |       |       |       |     3 |    25 |    32 |     7 ||    67
       Peck              |       |       |       |       |       |    17 |     4 ||    21
       Rapier            |       |       |       |       |       |    12 |       ||    12
       Staff             |       |       |       |       |       |     7 |    26 ||    33
 Cast: Magic Dart        |    55 |    72 |    58 |    58 |   168 |     2 |       ||   413
       Searing Ray       |     5 |    27 |    58 |   108 |   197 |    54 |       ||   449
       Iskenderun's Myst |       |       |     2 |    59 |   178 |   123 |    21 ||   383
       Lightning Bolt    |       |       |       |    86 |   250 |   102 |     2 ||   440
       Yara's Violent Un |       |       |       |       |     2 |    12 |     4 ||    18
       Ozocubu's Refrige |       |       |       |       |       |   164 |    55 ||   219
       Orb of Destructio |       |       |       |       |       |   221 |   151 ||   372
Evoke: Wand              |       |       |       |     4 |       |       |       ||     4
  Use: Scroll            |       |       |     6 |    11 |    21 |     4 |     2 ||    44
       Potion            |       |       |       |     1 |     5 |     4 |     3 ||    13
 Stab: Paralysed         |       |       |       |     7 |    18 |    14 |     1 ||    40
Armor: Robe              |     1 |     3 |    12 |     2 |       |       |       ||    18
       Steam dragon scal |       |       |       |    23 |    90 |    72 |    33 ||   218
Dodge: Dodged            |    11 |     9 |    63 |   123 |   377 |   189 |    62 ||   834
       Repelled          |       |       |       |     2 |     8 |    10 |       ||    20
Block: Buckler           |       |       |       |     2 |    93 |    95 |    41 ||   231
       Reflection        |       |       |       |       |       |     8 |       ||     8

Table legend: (Time is in decaauts)
 A = Elapsed time spent in this place.
 B = Non-inter-level travel time spent in this place.
 C = Inter-level travel time spent in this place.
 D = Time resting spent in this place.
 E = Time spent auto-exploring this place.
 F = Levels seen in this place.
 G = Mean time per level.
                   A        B        C        D        E       F      G
               +--------+--------+--------+--------+--------+-----+--------+
         Total |  64190 |  60749 |   3441 |  11551 |  39381 |  37 | 1734.9 |
       Dungeon |  24724 |  22825 |   1899 |   3655 |  15591 |  15 | 1648.3 |
        Temple |    122 |     96 |     26 |      0 |     78 |   1 |  122.0 |
          Lair |  10422 |   9968 |    454 |   1203 |   7369 |   6 | 1737.0 |
         Swamp |   5991 |   5756 |    235 |    679 |   4353 |   4 | 1497.8 |
  Orcish Mines |   3690 |   3511 |    179 |    879 |   1859 |   2 | 1845.0 |
   Elven Halls |   7934 |   7847 |     87 |   2467 |   4156 |   3 | 2644.7 |
        Depths |   9709 |   9149 |    560 |   2180 |   5409 |   3 | 3236.3 |
         Abyss |    285 |    285 |      0 |     28 |      0 |   1 |  285.0 |
         Trove |     39 |     39 |      0 |      0 |      0 |   1 |   39.0 |
      Ice Cave |   1268 |   1268 |      0 |    459 |    565 |   1 | 1268.0 |
               +--------+--------+--------+--------+--------+-----+--------+

Top non-repeatable levels by time:
Depths:1: 5550 daAuts
    D:14: 3076 daAuts
    D:13: 2896 daAuts
   Elf:3: 2733 daAuts
   Elf:2: 2693 daAuts
    D:15: 2650 daAuts
  Lair:6: 2550 daAuts
   Elf:1: 2507 daAuts
Depths:2: 2345 daAuts
   Orc:2: 1919 daAuts
  Lair:1: 1913 daAuts
  Lair:5: 1880 daAuts
Depths:3: 1813 daAuts
   Orc:1: 1771 daAuts
 Swamp:4: 1668 daAuts
